AAA
RICHMOND RAMS @ LONG ISLAND NAVIGATORS
06/21/2060
 
TOP OF THE 1ST
Richmond Rams batting - Pitching for Long Island Navigators : RHP Logan Klonowski
Pitching: RHP Logan Klonowski
Batting: RHB Ken Daly 0-0: Ground out U3 (Groundball, 34, EV 85.0 MPH)
Batting: SHB Seth Estee 0-0: Swinging Strike
0-1: SOLO HOME RUN (Flyball, 9LD, EV 91.2 MPH), Distance : 354 ft
Batting: RHB Louis Hockney 0-0: Swinging Strike
0-1: Ball
1-1: Ball
2-1: Fly out, F8 (Flyball, 8RD, EV 90.0 MPH)
Batting: RHB Jaime Herring 0-0: Called Strike
0-1: Ball
1-1: Foul Ball, location: 2F
1-2: DOUBLE (Line Drive, 8RD, EV 107.5 MPH)
Batting: LHB Evan Wilson 0-0: Called Strike
0-1: Swinging Strike
0-2: Strikes out looking and he ARGUES THE CALL AND IS TOSSED!
Top of the 1st over - 1 run, 2 hits, 0 errors, 1 left on base; Richmond 1 - Long Island 0
BOTTOM OF THE 1ST
Long Island Navigators batting - Pitching for Richmond Rams : RHP Eddie Forsythe
Pitching: RHP Eddie Forsythe
Now in CF: Linton Makepeace
Batting: RHB Seth Baker 0-0: Called Strike
0-1: Fly out, F9 (Line Drive, 89D, EV 95.6 MPH)
Batting: RHB Sullivan Hazelwood 0-0: Called Strike
0-1: Called Strike
0-2: Strikes out looking
Batting: LHB Broderick Council 0-0: Ball
1-0: Foul Ball, location: 2F
1-1: Ball
2-1: Swinging Strike
2-2: Ball
3-2: Fly out, F7 (Flyball, 78M, EV 86.2 MPH)
Bottom of the 1st over - 0 runs, 0 hits, 0 errors, 0 left on base; Richmond 1 - Long Island 0
TOP OF THE 2ND
Richmond Rams batting - Pitching for Long Island Navigators : RHP Logan Klonowski
Batting: LHB Logan Sparks 0-0: Ground out 6-3 (Groundball, 6, EV 99.4 MPH)
Batting: RHB Lou Winfield 0-0: Ball
1-0: Foul Ball, location: 2F
1-1: Fly out, F9 (Flyball, 9S, EV 93.1 MPH)
Batting: RHB Joey Shelton 0-0: Ball
1-0: Ball
2-0: Ground out 5-3 (Groundball, 56S, EV 70.0 MPH)
Top of the 2nd over - 0 runs, 0 hits, 0 errors, 0 left on base; Richmond 1 - Long Island 0
BOTTOM OF THE 2ND
Long Island Navigators batting - Pitching for Richmond Rams : RHP Eddie Forsythe
Batting: RHB Cameron Marry 0-0: Ball
1-0: Foul Ball, location: 2F
1-1: Called Strike
1-2: Strikes out swinging
Batting: LHB Grant Lucien 0-0: Foul Ball, location: 2F
0-1: Called Strike
0-2: Foul Ball, location: 2F
0-2: Ball
1-2: Ball
2-2: Fly out, F7 (Flyball, 7S, EV 88.8 MPH)
Batting: SHB Grant Jopling 0-0: Ball
1-0: Swinging Strike
1-1: Called Strike
1-2: Foul Ball, location: 2F
1-2: SINGLE (Groundball, 4MD, EV 105.0 MPH)
Batting: RHB Clifton Brown 0-0: Ball
1-0: Called Strike
1-1: Ball
2-1: Foul Ball, location: 2F
2-2: Foul Ball, location: 2F
2-2: Ball
3-2: Ground out 5-3 (Groundball, 5S, EV 88.1 MPH)
Bottom of the 2nd over - 0 runs, 1 hit, 0 errors, 1 left on base; Richmond 1 - Long Island 0
TOP OF THE 3RD
Richmond Rams batting - Pitching for Long Island Navigators : RHP Logan Klonowski
Batting: LHB Kenny Hillestad 0-0: Called Strike
0-1: Ball
1-1: Fly out, F6 (Popup, P, EV 88.1 MPH)
Batting: RHB Ken Daly 0-0: Ball
1-0: Called Strike
1-1: Foul Ball, location: 2F
1-2: Foul Ball, location: 2F
1-2: SINGLE (Line Drive, 8LS, EV 103.8 MPH)
Batting: SHB Seth Estee 0-0: Called Strike
0-1: Swinging Strike
0-2: Strikes out swinging
Batting: RHB Louis Hockney 0-0: Ball
Ken Daly steals 2nd base
1-0: Foul Ball, location: 2F
1-1: Ball
2-1: Called Strike
2-2: Foul Ball, location: 2F
2-2: Strikes out looking
Top of the 3rd over - 0 runs, 1 hit, 0 errors, 1 left on base; Richmond 1 - Long Island 0
BOTTOM OF THE 3RD
Long Island Navigators batting - Pitching for Richmond Rams : RHP Eddie Forsythe
Batting: RHB Weldon Nnanna 0-0: Ball
1-0: Ball
2-0: Swinging Strike
2-1: SINGLE (Flyball, 8LS, EV 97.5 MPH)
Batting: RHB Devon Richardson 0-0: Ball
1-0: Called Strike
1-1: Foul Ball, location: 2F
1-2: Strikes out looking
Batting: RHB Seth Baker 0-0: Ball
1-0: Grounds into double play, 4-6-3 (Groundball, 34, EV 88.1 MPH)
Bottom of the 3rd over - 0 runs, 1 hit, 0 errors, 0 left on base; Richmond 1 - Long Island 0
TOP OF THE 4TH
Richmond Rams batting - Pitching for Long Island Navigators : RHP Logan Klonowski
Batting: RHB Jaime Herring 0-0: Ground out 4-3 (Groundball, 4, EV 89.4 MPH)
Batting: RHB Linton Makepeace 0-0: SINGLE (Line Drive, 6M, EV 93.8 MPH)
Batting: LHB Logan Sparks 0-0: Fly out, F4 (Line Drive, 4, EV 76.2 MPH)
Batting: RHB Lou Winfield 0-0: Ball
Linton Makepeace steals 2nd base
1-0: Called Strike
1-1: Ball
2-1: SINGLE (Groundball, 6MD, EV 105.6 MPH)
Linton Makepeace to third
Runner from 3rd tries for Home, SAFE, throw by CF to home
Batting: RHB Joey Shelton 0-0: Swinging Strike
0-1: Foul Ball, location: 2F
0-2: Strikes out swinging
Top of the 4th over - 1 run, 2 hits, 0 errors, 1 left on base; Richmond 2 - Long Island 0
BOTTOM OF THE 4TH
Long Island Navigators batting - Pitching for Richmond Rams : RHP Eddie Forsythe
Batting: RHB Sullivan Hazelwood 0-0: Called Strike
0-1: Ball
1-1: Fly out, F9 (Line Drive, 9D, EV 92.5 MPH)
Batting: LHB Broderick Council 0-0: Ball
1-0: Foul Ball, location: 2F
1-1: Foul Ball, location: 2F
1-2: Ball
2-2: SOLO HOME RUN (Flyball, 78XD, EV 111.9 MPH), Distance : 439 ft
Batting: RHB Cameron Marry 0-0: Called Strike
0-1: Swinging Strike
0-2: Ball
1-2: Strikes out swinging
Batting: LHB Grant Lucien 0-0: Foul Ball, location: 2F
0-1: Ball
1-1: Ground out 6-3 (Groundball, 6, EV 92.5 MPH)
Bottom of the 4th over - 1 run, 1 hit, 0 errors, 0 left on base; Richmond 2 - Long Island 1
TOP OF THE 5TH
Richmond Rams batting - Pitching for Long Island Navigators : RHP Logan Klonowski
Batting: LHB Kenny Hillestad 0-0: Ball
1-0: Foul Ball, location: 2F
1-1: Ball
2-1: Foul Ball, location: 2F
2-2: Strikes out swinging
Batting: RHB Ken Daly 0-0: Ball
1-0: Foul Ball, location: 2F
1-1: Called Strike
1-2: SINGLE (Groundball, 6MD, EV 101.9 MPH)
Batting: SHB Seth Estee 0-0: Called Strike
0-1: Ball
1-1: Ball
2-1: Ball
3-1: Called Strike
3-2: Foul Ball, location: 2F
3-2: Strikes out swinging
Batting: RHB Louis Hockney 0-0: Called Strike
Ken Daly steals 2nd base
0-1: Ball
1-1: Foul Ball, location: 2F
1-2: Ball
2-2: Foul Ball, location: 2F
2-2: SINGLE (Groundball, 6D, EV 96.2 MPH)
Ken Daly to third
Runner from 3rd tries for Home, throw by CF and OUT! 8-2
Top of the 5th over - 0 runs, 2 hits, 0 errors, 1 left on base; Richmond 2 - Long Island 1
BOTTOM OF THE 5TH
Long Island Navigators batting - Pitching for Richmond Rams : RHP Eddie Forsythe
Batting: SHB Grant Jopling 0-0: SINGLE (Groundball, 6MD, EV 96.9 MPH)
Batting: RHB Clifton Brown 0-0: Ball
1-0: Bunted foul
1-1: Sac Bunt to 15 - play at first, batter OUT! 1-3
Grant Jopling to second
Batting: RHB Weldon Nnanna 0-0: Ball
1-0: Single, Error in OF, E7, batter to second base (Line Drive, 78S, EV 105.6 MPH)
Grant Jopling scores
Batting: RHB Devon Richardson 0-0: Foul Ball, location: 2F
0-1: Called Strike
0-2: Strikes out swinging
Batting: RHB Seth Baker 0-0: Ball
1-0: Ball
2-0: Called Strike
2-1: Swinging Strike
2-2: Ball
3-2: DOUBLE (Line Drive, 5D, EV 96.9 MPH)
Weldon Nnanna scores
Batting: RHB Sullivan Hazelwood 0-0: Called Strike
0-1: Ball
1-1: Swinging Strike
1-2: Ball
2-2: Ball
3-2: Strikes out swinging
Bottom of the 5th over - 2 runs, 3 hits, 1 error, 1 left on base; Richmond 2 - Long Island 3
TOP OF THE 6TH
Richmond Rams batting - Pitching for Long Island Navigators : RHP Logan Klonowski
Batting: RHB Jaime Herring 0-0: Foul Ball, location: 2F
0-1: Called Strike
0-2: Foul Ball, location: 2F
0-2: Ball
1-2: Foul Ball, location: 2F
1-2: Strikes out looking
Batting: RHB Linton Makepeace 0-0: Ball
1-0: Ball
2-0: Called Strike
2-1: Foul Ball, location: 2F
2-2: Ball
3-2: Ground out U3 (Groundball, 34, EV 85.0 MPH)
Batting: LHB Logan Sparks 0-0: Ball
1-0: Fly out, F9 (Line Drive, 89M, EV 97.5 MPH)
Top of the 6th over - 0 runs, 0 hits, 0 errors, 0 left on base; Richmond 2 - Long Island 3
BOTTOM OF THE 6TH
Long Island Navigators batting - Pitching for Richmond Rams : RHP Eddie Forsythe
Batting: LHB Broderick Council 0-0: Ground out 1-3 (Groundball, 13S, EV 70.6 MPH)
Pitching: RHP Tim Johnson
Batting: RHB Cameron Marry 0-0: Ball
1-0: Ball
2-0: Called Strike
2-1: Swinging Strike
2-2: Strikes out swinging
Batting: LHB Grant Lucien 0-0: Ball
1-0: Foul Ball, location: 2F
1-1: Swinging Strike
1-2: Foul Ball, location: 2F
1-2: Fly out, F9 (Flyball, 9, EV 90.0 MPH)
Bottom of the 6th over - 0 runs, 0 hits, 0 errors, 0 left on base; Richmond 2 - Long Island 3
TOP OF THE 7TH
Richmond Rams batting - Pitching for Long Island Navigators : RHP Logan Klonowski
Batting: RHB Lou Winfield 0-0: Foul Ball, location: 2F
0-1: Ball
1-1: Foul Ball, location: 2F
1-2: Strikes out swinging
Pinch Hitting: LHB Isaac Pierce 0-0: Foul Ball, location: 2F
0-1: Ball
1-1: Foul Ball, location: 2F
1-2: Ball
2-2: Ball
3-2: Fly out, F8 (Flyball, 89XD, EV 88.1 MPH)
Batting: LHB Kenny Hillestad 0-0: Called Strike
0-1: Ball
1-1: Ball
2-1: Fly out, F7 (Line Drive, 7, EV 103.8 MPH)
Top of the 7th over - 0 runs, 0 hits, 0 errors, 0 left on base; Richmond 2 - Long Island 3
BOTTOM OF THE 7TH
Long Island Navigators batting - Pitching for Richmond Rams : RHP Tim Johnson
Now at 3B: Nate Rowell
Batting: SHB Grant Jopling 0-0: Ball
1-0: Fly out, F8 (Flyball, 8LS, EV 94.4 MPH)
Batting: RHB Clifton Brown 0-0: Ball
1-0: Foul Ball, location: 2F
1-1: Swinging Strike
1-2: Foul Ball, location: 2F
1-2: Strikes out swinging
Batting: RHB Weldon Nnanna 0-0: Called Strike
0-1: Ball
1-1: Foul Ball, location: 2F
1-2: Ball
2-2: Ball
3-2: Strikes out looking
Bottom of the 7th over - 0 runs, 0 hits, 0 errors, 0 left on base; Richmond 2 - Long Island 3
TOP OF THE 8TH
Richmond Rams batting - Pitching for Long Island Navigators : RHP Logan Klonowski
Pitching: RHP Karsen Azizi
Batting: RHB Ken Daly 0-0: Ground out 6-3 (Groundball, 6, EV 85.6 MPH)
Batting: SHB Seth Estee 0-0: Called Strike
0-1: Ball
1-1: Ball
2-1: Ball
3-1: Foul Ball, location: 2F
3-2: Strikes out swinging
Batting: RHB Louis Hockney 0-0: Called Strike
0-1: Ball
1-1: Foul Ball, location: 2F
1-2: Strikes out swinging, 2-3 out at first.
Top of the 8th over - 0 runs, 0 hits, 0 errors, 0 left on base; Richmond 2 - Long Island 3
BOTTOM OF THE 8TH
Long Island Navigators batting - Pitching for Richmond Rams : RHP Tim Johnson
Batting: RHB Devon Richardson 0-0: Ball
1-0: Ball
2-0: Ball
3-0: Called Strike
3-1: Fly out, F8 (Line Drive, 8LM, EV 97.5 MPH)
Batting: RHB Seth Baker 0-0: Called Strike
0-1: Ball
1-1: Foul Ball, location: 2F
1-2: SINGLE (Line Drive, 4D, EV 98.1 MPH)
Pitching: LHP Hayden Ramirez
Batting: RHB Sullivan Hazelwood 0-0: Called Strike
0-1: Grounds into double play, 5-4-3 (Groundball, 56S, EV 85.6 MPH)
Bottom of the 8th over - 0 runs, 1 hit, 0 errors, 0 left on base; Richmond 2 - Long Island 3
TOP OF THE 9TH
Richmond Rams batting - Pitching for Long Island Navigators : RHP Karsen Azizi
Pitching: RHP Luke Clark
Now at 1B: Jon Bowers
Batting: RHB Jaime Herring 0-0: Called Strike
0-1: Foul Ball, location: 2F
0-2: Strikes out looking
Batting: RHB Linton Makepeace 0-0: Called Strike
0-1: Ball
1-1: Foul Ball, location: 2F
1-2: Strikes out swinging
Batting: LHB Logan Sparks 0-0: Ball
1-0: Ball
2-0: Ball
3-0: Called Strike
3-1: Foul Ball, location: 2F
3-2: Strikes out swinging, 2-3 out at first.
Top of the 9th over - 0 runs, 0 hits, 0 errors, 0 left on base; Richmond 2 - Long Island 3
Saturday, May 11th , 2024 - OOTP Baseball 23.10 Build 110